 Dungeon Crawl Stone Soup version 0.28-a0-925-gd5e1996cdb (webtiles) character file.

Game seed: 344612043312422321

682 nicanaca0 the Cudgeller (level 7, -2/42 HPs)
             Began as a Gargoyle Fighter on Nov 24, 2021.
             Was an Initiate of Okawaru.
             Slain by Duvessa (6 damage)
             ... on level 4 of the Dungeon on Nov 26, 2021.
             The game lasted 00:13:49 (5443 turns).

nicanaca0 the Cudgeller (Gargoyle Fighter)          Turns: 5443, Time: 00:13:49

Health: -2/42      AC: 16    Str: 16 (20) XL:     7   Next: 61%
Magic:  7/7        EV:  6    Int:  5 (8)  God:    Okawaru [......]
Gold:   106        SH:  4    Dex:  7 (11) Spells: 6/6 levels left

rFire   . . .      SeeInvis .   f - +4 short sword
rCold   . . .      Faith    .   c - +0 buckler
rNeg    + . .      Spirit   .   n - +0 chain mail
rPois   ∞          Reflect  .   m - +0 helmet
rElec   +          Harm     .   l - +0 cloak
rCorr   .          Rampage  .   (no gloves)
Will    .....                   (no boots)
Stlth   ..........              (no amulet)
HPRegen 0.14/turn               (no ring)
MPRegen 0.10/turn               (no ring)

@: no status effects
A: sickness immunity, AC +4, negative energy resistance 1, electricity
resistance, torment resistance 1, petrification resistance, deterioration 1
a: Renounce Religion


You were on level 4 of the Dungeon.
You worshipped Okawaru.
Okawaru was noncommittal.
You visited 2 branches of the dungeon, and saw 6 of its levels.
You also visited: Sewer.

You collected 106 gold pieces.

Inventory:

Hand Weapons
 a - a +0 flail
 f - a +4 short sword (weapon)
 h - a +0 short sword of electrocution
Missiles
 e - 132 stones (quivered)
Armour
 c - a +0 buckler (worn)
 l - a +0 cloak (worn)
 m - a +0 helmet (worn)
 n - a +0 chain mail (worn)
 s - a +0 plate armour
Scrolls
 d - 3 scrolls of fear
 g - 2 scrolls of enchant weapon
 i - a scroll of immolation
 q - 3 scrolls of magic mapping
Potions
 j - a potion of degeneration
 k - 2 potions of magic


   Skills:
 + Level 3.9 Fighting
 * Level 7.8 Maces & Flails
 + Level 4.0 Armour
 - Level 3.2 Shields


You had 6 spell levels left.
You didn't know any spells.
Your spell library contained the following spells:

 Spells                   Type           Power      Damage    Failure   Level
 Gell's Gravitas          Tloc           0%         N/A       100%        3
 Teleport Other           Tloc           0%         N/A       100%        3
 Dispersal                Tloc           0%         N/A       100%        6


Dungeon Overview and Level Annotations

Branches:
Dungeon (5/15)             Temple (1/1) D:4           Sewer (visited)

Altars:
Cheibriados
Dithmenos
Elyvilon
Fedhas
Hepliaklqana
Nemelex Xobeh
Okawaru
Qazlal
Sif Muna
Trog
Uskayaw
Vehumet
Wu Jian
Zin
The Shining One

Shops:
D:1 *:::(   D:4 :

Annotations:
D:4 Duvessa


Innate Abilities, Weirdness & Mutations

You are immune to sickness and miasma.
Your stone body is resilient. (AC +4)
You are immune to poison.
You resist negative energy. (rN+)
You are resistant to electric shocks. (rElec)
You are resistant to unholy torment.
You are immune to petrification.
Your body sometimes deteriorates upon taking damage.


Message History

Duvessa hits you but does no damage. x2
You climb downwards.
There is a stone staircase leading up here.
Duvessa hits you with a +0 short sword.
You climb upwards.
There is a stone staircase leading down here.
Okay, then.
You don't know any spells.
You hit Duvessa but do no damage. Duvessa hits you but does no damage. x2
You hit Duvessa but do no damage. You block Duvessa's attack.
Duvessa hits you but does no damage.
You hit Duvessa but do no damage. Duvessa hits you but does no damage.
Your chain mail prevents you from hitting Duvessa.
Duvessa hits you with a +0 short sword. Duvessa hits you but does no damage.
You hit Duvessa but do no damage.
Duvessa hits you with a +0 short sword. x2
Okay, then.
You can't see any enemies this would affect, really read the scroll of fear?
Okay, then.
As you read the scroll labelled PYDYWEORHUP, it crumbles to dust.
Wisps of shadow whirl around you...
The shadows disperse without effect.
It was a scroll of summoning.
Duvessa completely misses you.
As you read the scroll labelled ZUVO SOCIR, it crumbles to dust.
The scroll dissolves into smoke.
It was a scroll of fog.
Duvessa hits you with a +0 short sword!
* * * LOW HITPOINT WARNING * * *
Your body deteriorates!
You feel weakened. Duvessa hits you with a +0 short sword!
* * * LOW HITPOINT WARNING * * *
Your body deteriorates!
You feel clumsy.
Unknown command.
Okay, then.
Okay, then.
Duvessa hits you but does no damage.
You feel better. Duvessa hits you with a +0 short sword.
* * * LOW HITPOINT WARNING * * *
Okay, then.
You aren't carrying any items that you can evoke.
Unknown command.
Duvessa hits you with a +0 short sword.
You die...

########## ############
#####........#
#..........#
......######.#
#§########.#
##.#..######.####§#####
#.#
##..............@§§§..#
#.#
......#####..####e###.#
#.# ##.#.## ##...## #§#
#.# #.# #.#.####.....#
#§# #.# #.#
##....†.......# #§# #.#
#.# .....####.....#
#§###.####.# ##.###
##...## #..........#
##.#
##..######.###.####
...# #.........# #....#


You could see Duvessa (berserk).

Vanquished Creatures
  Sigmund (D:3)
  Pargi (Sewer)
  A scorpion (D:4)
  Dowan (D:5)
  A centaur zombie (D:4)
  A hound (D:4)
  2 orc wizards
  An iguana (D:3)
  A hound skeleton (D:4)
  Robin (D:3)
  5 adders
  A river rat (D:3)
  An ufetubus (D:4)
  A worm (D:3)
  3 dart slugs
  9 orcs
  10 ball pythons
  3 endoplasms
  A giant cockroach (D:3)
  11 goblins
  10 hobgoblins
  3 jackals (D:2)
  4 quokkas
  A bat (D:1)
  5 frilled lizards
  6 kobolds
  7 rats
92 creatures vanquished.

Vanquished Creatures (others)
  A fungus (D:4)
  3 plants (D:3)
4 creatures vanquished.

Grand Total: 96 creatures vanquished

Notes
Turn   | Place    | Note
-------+----------+-------------------------------------------
     0 | D:1      | nicanaca0 the Gargoyle Fighter began the quest for the Orb.
     0 | D:1      | Reached XP level 1. HP: 14/14 MP: 1/1
   262 | D:1      | Found Rukiasuh's Book Shop.
   302 | D:1      | Found Gyuf's Book Emporium.
   370 | D:1      | Reached XP level 2. HP: 19/19 MP: 2/2
   527 | D:1      | Found Appeol's Weapon Boutique.
   603 | D:1      | You fall into a shaft and drop 1 floor!
   710 | D:1      | Found Sekhlejov's Book Emporium.
   731 | D:1      | Reached skill level 3 in Maces & Flails
   856 | D:1      | Found a faded altar of an unknown god.
   953 | D:1      | Found Noaduil's Assorted Antiques.
  1074 | D:1      | Upgraded the game from 0.28-a0-909-g796cbd3a86 to
                  | 0.28-a0-925-gd5e1996cdb
  1206 | D:2      | Reached XP level 3. HP: 23/23 MP: 3/3
  1558 | D:2      | Reached skill level 4 in Maces & Flails
  1773 | D:3      | Reached XP level 4. HP: 28/28 MP: 4/4
  1872 | D:3      | Found a glowing drain.
  1876 | Sewer    | Entered a sewer
  2041 | Sewer    | Noticed Pargi
  2059 | Sewer    | Killed Pargi
  2060 | Sewer    | Reached skill level 5 in Maces & Flails
  2060 | Sewer    | Reached XP level 5. HP: 23/32 MP: 5/5
  2484 | D:3      | Reached skill level 6 in Maces & Flails
  2484 | D:3      | Reached XP level 6. HP: 8/37 MP: 6/6
  2771 | D:3      | Noticed Sigmund
  2833 | D:3      | Gained mutation: Your body sometimes deteriorates upon
                  | taking damage. [potion of mutation]
  2841 | D:3      | Killed Sigmund
  2842 | D:3      | Reached skill level 7 in Maces & Flails
  2931 | D:3      | Found a sparkling altar of Nemelex Xobeh.
  3384 | D:3      | Found a shimmering blue altar of Sif Muna.
  3564 | D:3      | Noticed Robin
  3571 | D:3      | Killed Robin
  3700 | D:4      | Reached XP level 7. HP: 39/41 MP: 7/7
  3743 | D:4      | Found a hide-covered altar of Uskayaw.
  3794 | D:4      | Found a staircase to the Ecumenical Temple.
  3824 | Temple   | Entered the Ecumenical Temple
  3987 | Temple   | Became a worshipper of Warmaster Okawaru
  4679 | D:4      | Found a hazy altar of Hepliaklqana.
  4712 | D:4      | Found Komoch's Book Shoppe.
  4781 | D:5      | Entered Level 5 of the Dungeon
  4784 | D:5      | Noticed Dowan
  4784 | D:5      | Noticed Duvessa
  5342 | D:5      | Killed Dowan
  5443 | D:4      | Slain by Duvessa

Illustrated notes

Levels and vault maps discovered:
D:1:      dpeg_arrival_signposts, layout_loops_ring,
          ebering_ecumenical_altar_ruins, serial_shops, nicolae_shop_trees,
          nicolae_shop_bloodbath_and_beyond, shop, nicolae_shop_hallway_stairs,
          shop
D:2:      layout_loops_cross
D:3:      layout_rooms, mainiacjoe_overflow_surrounded_room,
          kennysheep_orc_sif_temple, serial_forest,
          infiniplex_forest_clump_medium, infiniplex_forest_clump_medium,
          infiniplex_forest_straight_2, infiniplex_forest_lined_corner,
          infiniplex_forest_lined_2, infiniplex_forest_straight_2,
          gup_sewer_entry_spiral, uniq_robin, uniq_sigmund
D:4:      layout_loops_ring, mainiacjoe_overflow_boulevard,
          worldfamousw_hep_ancestral_shrine, minmay_temple_entry_stoned_glass,
          serial_shops, kennysheep_mini
D:5:      layout_rooms, lightli_temple_of_fire, kennysheep_mini_moat,
          serial_rivers, chequers_serial_rivers_micro_a,
          chequers_serial_rivers_room_b, chequers_serial_rivers_small_3,
          chequers_serial_rivers_small_a, uniq_ijyb, uniq_duvessa,
          uniq_prince_ribbit1
Temple:   jpeg_temple_clearing

Skill      XL: |  1  2  3  4  5  6  7 |
---------------+----------------------+-----
Maces & Flails | 3 4 5 6 7 |  7.8
Armour         | 4 |  4.0
Fighting       | |  3.9
Shields        | |  3.2

Action                   |  1- 3 |  4- 6 |  7- 9 || total
-------------------------+-------+-------+-------++-------
Melee: Short sword       |    66 |   162 |   111 ||   339
       Flail             |     8 |       |       ||     8
Throw: Stone             |    94 |    54 |    18 ||   166
       Boomerang         |       |    16 |     9 ||    25
  Use: Scroll            |     3 |     2 |     3 ||     8
       Potion            |       |     5 |     2 ||     7
Armor: Scale mail        |    31 |    99 |       ||   130
       Chain mail        |       |     5 |    89 ||    94
Dodge: Dodged            |    23 |    70 |    42 ||   135
Block: Buckler           |    11 |    36 |    25 ||    72

Table legend: (Time is in decaauts)
 A = Elapsed time spent in this place.
 B = Non-inter-level travel time spent in this place.
 C = Inter-level travel time spent in this place.
 D = Time resting spent in this place.
 E = Time spent auto-exploring this place.
 F = Levels seen in this place.
 G = Mean time per level.
                   A        B        C        D        E       F      G
               +--------+--------+--------+--------+--------+-----+--------+
         Total |   5596 |   5232 |    364 |    684 |   3400 |   7 |  799.4 |
       Dungeon |   5054 |   4738 |    316 |    684 |   3007 |   5 | 1010.8 |
        Temple |    180 |    132 |     48 |      0 |    113 |   1 |  180.0 |
         Sewer |    361 |    361 |      0 |      0 |    280 |   1 |  361.0 |
               +--------+--------+--------+--------+--------+-----+--------+

Top non-repeatable levels by time:
     D:3: 1647 daAuts
     D:4: 1495 daAuts
     D:1: 1015 daAuts
     D:2: 751 daAuts
   Sewer: 361 daAuts
  Temple: 180 daAuts
     D:5: 144 daAuts
